[Event "1er Festival international de Cassis 2022"]
[Site "Cassis"]
[Date "2022.05.28"]
[Round "7.5"]
[White "Lever, Erwan"]
[Black "Kunin, Vitaly"]
[Result "0-1"]
[TimeControl "1 h 30 + 30 s"]
[WhiteElo "2209"]
[BlackElo "2539"]

1. d4 Nf6 2. c4 e6 3. g3 Bb4+ 4. Bd2 a5 5. Bg2 c5 6. d5 exd5 7. cxd5 O-O 8. Nh3 d6 9. O-O Bxd2 10.
Nxd2 b5 11. a4 Ba6 12. Re1 Re8 13. axb5 Bxb5 14. e4 Na6 15. f4 Nb4 16. Nf2 Qb6 17. b3 Nfxd5 18. exd5 Rxe1+ 19. Qxe1 Nc2 20.
Qc1 Nxa1 21. Qxa1 a4 22. bxa4 Rxa4 23. Qc3 c4 24. f5 Qa7 25. Bf1 h6 26. Nde4 Ra3 27. Qb4 Rb3 28. Qxd6 c3 29.
f6 Qa1 0-1

[Event "1er Festival international de Cassis 2022"]
[Site "Cassis"]
[Date "2022.05.28"]
[Round "7.6"]
[White "Baroyan, Davit"]
[Black "Flear, Glenn C"]
[Result "1/2-1/2"]
[TimeControl "1 h 30 + 30 s"]
[WhiteElo "2148"]
[BlackElo "2418"]

1. d4 Nf6 2. c4 g6 3. Nc3 d5 4. cxd5 Nxd5 5. e4 Nxc3 6. bxc3 Bg7 7. Nf3 c5 8. Bb5+ Bd7 9. Be2 Qa5 10.
Bd2 O-O 11. O-O Qa4 12. Bg5 cxd4 13. cxd4 h6 14. Be3 Rc8 15. Qd2 Rc2 16. Bd1 Rxd2 17. Bxa4 Rb2 18. Bb3 Nc6 19. Rac1 Rc8 20.
d5 Na5 21. Rxc8+ Bxc8 22. Rc1 Bd7 23. Nd2 Nxb3 24. axb3 a5 25. Rc7 a4 26. bxa4 Bxa4 27. f3 Bf6 28. e5 Bxe5 29. Rxe7 Bd6 30.
Re4 Bb5 31. Nc4 Bxc4 32. Rxc4 Rb1+ 33. Kf2 Bxh2 34. Bxh6 Rd1 35. Rb4 Rxd5 36. Rxb7 1/2-1/2

[Event "1er Festival international de Cassis 2022"]
[Site "Cassis"]
[Date "2022.05.28"]
[Round "7.7"]
[White "Jober, Robert"]
[Black "Bacrot, Alexandre"]
[Result "0-1"]
[TimeControl "1 h 30 + 30 s"]
[WhiteElo "2073"]
[BlackElo "2341"]

1. d4 d5 2. Nc3 Nf6 3. Bf4 a6 4. e3 b5 5. h4 h5 6. Nf3 Bb7 7. Ne5 Nbd7 8. Be2 e6 9. Nxd7 Qxd7 10.
Be5 Be7 11. g3 g6 12. a3 Rg8 13. Bxf6 Bxf6 14. f4 c5 15. b4 cxd4 16. exd4 Ke7 17. Bf1 Rgc8 18. Ne2 Rc4 19. c3 Qc7 20.
Rc1 a5 21. Qb3 axb4 22. axb4 Bxd4 23. Nxd4 Rxd4 24. Bxb5 Re4+ 25. Be2 Qb6 26. Kd1 Qe3 27. Re1 Rd4+ 0-1

[Event "1er Festival international de Cassis 2022"]
[Site "Cassis"]
[Date "2022.05.28"]
[Round "7.8"]
[White "Kuhn, Clement"]
[Black "Bremond, Pascal"]
[Result "1-0"]
[TimeControl "1 h 30 + 30 s"]
[WhiteElo "2280"]
[BlackElo "1915"]

1. d4 Nf6 2. c4 g6 3.
Nc3 d5 4. Nf3 Bg7 5. Bg5 Ne4 6. Bf4 Nxc3 7. bxc3 c5 8. e3 O-O 9. cxd5 Qxd5 10. Be2 cxd4 11. cxd4 Nc6 12. O-O Bf5 13.
Qa4 a6 14. Rac1 Rac8 15. Rc5 Qd8 16. Rfc1 Bd7 17. Qa3 Na7 18. Rxc8 Bxc8 19. Qc5 b6 20. Qc7 Qxc7 21. Bxc7 Bb7 22.
Bxb6 Rc8 23. Bc5 Nb5 24. a4 Nd6 25. Rb1 Be4 26. Rb6 a5 27. h3 Bc2 28. Ra6 Bxa4 29. Rxa5 Bc6 30. Ra7 Bf6 31.
Ne5 Bb5 32. Bg4 Rxc5 33. dxc5 Bxe5 34. Rxe7 Bf6 35. Ra7 Ne4 36. Bf3 Nxc5 37. Ra5 Bd7 38. Rxc5 Be6 39. Bd5 Bd7 40. Rc7 1-0